 Dungeon Crawl Stone Soup version 0.18.1-5-g4a78601 (webtiles) character file.

1280 Geppetto the Quickloader (level 8, -3/63 HPs)
             Began as a Centaur Hunter on May 10, 2016.
             Was an Initiate of Trog.
             Slain by a killer bee (8 damage)
             ... on level 8 of the Dungeon.
             The game lasted 00:30:08 (6281 turns).

Geppetto the Quickloader (Centaur Hunter)           Turns: 6281, Time: 00:30:09

Health: -3/63      AC:  8    Str: 16    XL:     8   Next: 29%
Magic:  8/8        EV:  8    Int: 10    God:    Trog [......]
Gold:   158        SH:  0    Dex: 11    Spells: 0 memorised, 7 levels left

rFire  . . .     SeeInvis .     v - +0 shortbow
rCold  . . .     Gourm    .     y - +0 ring mail
rNeg   . . .     Faith    .     (shield currently unavailable)
rPois  .         Spirit   .     u - +2 helmet
rElec  .         Dismiss  .     (no cloak)
rCorr  .         Reflect  .     (no gloves)
SustAt +         Harm     .     (no barding)
MR     .....                    e - amulet of magic regeneration
Stlth  ..........               (no ring)
                                m - ring of sustain attributes

@: lethally poisoned (-3 -> -11), very quick, not resistant to hostile
enchantments, extremely unstealthy
A: hooves 3, deformed body, speed 2, tough skin 3
a: Burn Spellbooks, Renounce Religion


You were on level 8 of the Dungeon.
You worshipped Trog.
Trog was noncommittal.
You were not hungry.

You visited 2 branches of the dungeon, and saw 9 of its levels.

You collected 158 gold pieces.

Inventory:

Hand Weapons
 a - a +2 hand crossbow
 b - a +0 short sword
 v - a +0 shortbow (weapon)
Missiles
 w - 79 arrows (quivered)
 x - 4 bolts
Armour
 c - a +0 leather armour
 u - a +2 helmet (worn)
 y - a +0 ring mail (worn)
Jewellery
 d - an uncursed ring of wizardry {unknown}
 e - an amulet of magic regeneration (around neck)
 m - a ring of sustain attributes (left hand)
 t - an uncursed ring of ice {unknown}
Wands
 o - a wand of lightning (13/15)
 s - a wand of lightning (8/15)
 z - a wand of disintegration (11/24)
Scrolls
 r - 3 scrolls of identify
 A - a scroll of teleportation
Potions
 g - a potion of curing
 k - a potion of invisibility {unknown}
 l - 2 potions of cure mutation
 n - a potion of haste {unknown}
 p - a potion of might {unknown}
 q - 3 potions of flight {unknown}
Miscellaneous
 h - a crystal ball of energy
Comestibles
 f - 3 bread rations
 i - 3 meat rations
 j - a beef jerky


   Skills:
 - Level 3.0 Fighting
 - Level 1.1 Short Blades
 * Level 6.7 Bows
 - Level 9.8 Crossbows
 - Level 1.3 Dodging
 - Level 0.5 Stealth


You had 7 spell levels left.
You didn't know any spells.

Dungeon Overview and Level Annotations

Branches:
Dungeon (9/15)             Temple (1/1) D:5
   Lair: D:8-11         Orc: D:9-12

Altars:
Cheibriados
Dithmenos
Elyvilon
Fedhas
Gozag
Kikubaaqudgha
Makhleb
Nemelex Xobeh
Okawaru
Pakellas
Ru
Sif Muna
Trog
Vehumet
Xom
Yredelemnul
The Shining One


Innate Abilities, Weirdness & Mutations

You have hooves in place of feet.
Armour fits poorly on your strangely shaped body.
You cover ground very quickly.
You have extremely tough skin (AC +3).


Message History

The killer bee stings you.
* * * LOW HITPOINT WARNING * * *
You are lethally poisoned!
The killer bee poisons you!
You climb upwards.
* * * LOW HITPOINT WARNING * * *
You feel sick.
Found a stone staircase leading up.
There is a stone staircase leading down here.
Drink which item? (? for menu, Esc to quit)
You feel better. The killer bee stings you.
* * * LOW HITPOINT WARNING * * *
You are poisoned.
The killer bee poisons you! The killer bee stings you.
* * * LOW HITPOINT WARNING * * *
The killer bee stings you!
* * * LOW HITPOINT WARNING * * *
You are lethally poisoned!
The killer bee poisons you! The killer bee stings you!
You die...

#####.####
#.@y......
#.y#..#.##
#..# .#
#..# #
#... ##..
#.# #<.


You could see 2 killer bees.

Vanquished Creatures
  The ghost of 100P the Skirmisher, an amateur DsFi (D:4)
  A phantom (D:4)
  An ogre (D:5)
  A centaur (D:5)
  2 scorpions
  A howler monkey (D:4)
  2 crimson imps
  4 hounds
  A jelly (D:6)
  2 giant frog zombies (D:5)
  An orc wizard (D:5)
  5 iguanas
  2 worker ants
  4 gnolls (D:5)
  5 adders
  An ooze (D:1)
  4 worms
  A dart slug (D:5)
  6 giant geckos
  9 orcs
  2 ball pythons
  6 giant cockroaches
  3 goblins
  7 hobgoblins
  8 jackals
  A quokka (D:6)
  8 bats
  7 giant newts
  5 kobolds
  A quokka zombie (D:5)
  5 rats
107 creatures vanquished.

Notes
Turn   | Place    | Note
--------------------------------------------------------------
     0 | D:1      | Geppetto the Centaur Hunter began the quest for the Orb.
     0 | D:1      | Reached XP level 1. HP: 17/17 MP: 1/1
   227 | D:1      | Reached XP level 2. HP: 24/24 MP: 2/2
   252 | D:1      | Reached skill level 5 in Crossbows
   580 | D:1      | Reached XP level 3. HP: 29/29 MP: 3/3
   905 | D:2      | Reached skill level 6 in Crossbows
   944 | D:2      | Reached XP level 4. HP: 33/36 MP: 4/4
  1494 | D:3      | Found an oddly glowing altar of Pakellas.
  1573 | D:3      | Found an opulent altar of Gozag.
  1818 | D:3      | Found a deep blue altar of Sif Muna.
  1932 | D:4      | Reached skill level 7 in Crossbows
  1932 | D:4      | Reached XP level 5. HP: 41/41 MP: 5/5
  2024 | D:4      | Noticed 100P's ghost (amateur DsFi)
  2492 | D:4      | Killed 100P's ghost
  2492 | D:4      | Reached skill level 8 in Crossbows
  2492 | D:4      | Reached XP level 6. HP: 48/48 MP: 6/6
  2646 | D:4      | Reached skill level 9 in Crossbows
  2646 | D:4      | Reached XP level 7. HP: 49/55 MP: 7/7
  2837 | D:4      | Found a white marble altar of Elyvilon.
  2892 | D:5      | Entered Level 5 of the Dungeon
  2962 | D:5      | Found a staircase to the Ecumenical Temple.
  3122 | D:5      | Found a sparkling altar of Nemelex Xobeh.
  3124 | D:5      | Found a glowing golden altar of the Shining One.
  3334 | Temple   | Entered the Ecumenical Temple
  3385 | Temple   | Became a worshipper of Trog the Wrathful
  3939 | D:5      | Found a shadowy altar of Dithmenos.
  3955 | D:5      | Found a snail-covered altar of Cheibriados.
  4090 | D:5      | Reached skill level 1 in Short Blades
  4479 | D:4      | Reached skill level 1 in Bows
  5179 | D:6      | Reached XP level 8. HP: 63/63 MP: 8/8
  5436 | D:6      | Reached skill level 5 in Bows
  6012 | D:6      | You fall through a shaft for 3 floors!
  6281 | D:8      | Slain by a killer bee

Skill      XL: |  1  2  3  4  5  6  7  8 |
---------------+-------------------------+-----
Crossbows      | 5 6 7 8 9 |  9.8
Fighting       | 3 |  3.0
Short Blades   | 1 |  1.1
Bows           | 4 6 |  6.7
Dodging        | |  1.3
Stealth        | |  0.5

Action                   |  1- 3 |  4- 6 |  7- 9 || total
-------------------------+-------+-------+-------++-------
Melee: Hand crossbow     |    14 |       |       ||    14
       Kick              |     6 |       |     9 ||    15
       Short sword       |       |       |    23 ||    23
 Fire: Hand crossbow     |   108 |   122 |    42 ||   272
       Shortbow          |       |       |   196 ||   196
  Use: Scroll            |     1 |     8 |     1 ||    10
       Potion            |       |       |     4 ||     4
  Eat: Chunk             |       |     3 |     4 ||     7
       Meat ration       |       |       |     1 ||     1
Armor: Leather armour    |    40 |    16 |    34 ||    90
       Ring mail         |       |       |     8 ||     8
Dodge: Dodged            |    23 |    12 |    76 ||   111
